 Dungeon Crawl Stone Soup version 0.29.1-15-g9cfb28693d (webtiles) character file.

Game seed: 6851079250594460020

799 hawla the Firebug (level 8, -2/58 HPs)
             Began as a Meteoran Fire Elementalist on Apr 25, 2023.
             Was an Initiate of Vehumet.
             Slain by a gnoll
             ... wielding a +0 whip
             ... led by a gnoll bouda
              (4 damage)
             ... on level 6 of the Dungeon.
             The game lasted 00:06:02 (1014 turns).

hawla the Firebug (Meteoran Fire Elementalist)      Turns: 1014, Time: 00:06:02

Health: -2/58      AC:  2    Str: 10    XL:     8   Next: 36%
Magic:  1/17       EV: 13    Int: 18    God:    Vehumet [......]
Gold:   40         SH:  0    Dex: 15    Spells: 11/18 levels left

rFire   . . .      SeeInvis .   (no weapon)
rCold   . . .      Faith    .   (no shield)
rNeg    . . .      Spirit   .   a - +0 robe
rPois   .          Reflect  .   (helmet restricted)
rElec   .          Harm     .   (no cloak)
rCorr   .          Rampage  .   (no gloves)
Will    +....                   (no boots)
Stlth   +.........              (no amulet)
HPRegen 0.19/turn               (no ring)
MPRegen 0.15/turn               (no ring)

@: glowing
A: sense surroundings 1, otherworldly, glowing, explore regen, antennae 1,
deterioration 1, wild magic 1
a: Renounce Religion


You were on level 6 of the Dungeon.
You worshipped Vehumet.
Vehumet was noncommittal.
You visited 2 branches of the dungeon, and saw 7 of its levels.

You collected 40 gold pieces.

Inventory:

Armour
 a - a +0 robe (worn)
Scrolls
 b - a scroll of butterflies {unknown}
 c - a scroll of magic mapping {unknown}
 d - a scroll of identify {unknown}
 e - a scroll of amnesia {unknown}


   Skills:
 + Level 0.7 Fighting
 + Level 3.1 Dodging
 - Level 1.4 Stealth
 + Level 5.8 Spellcasting
 + Level 6.2 Conjurations
 + Level 6.7 Fire Magic


You had 11 spell levels left.
You knew the following spells:

 Your Spells              Type           Power      Damage    Failure   Level
a - Foxfire               Conj/Fire      100%       2x1d9     1%          1
b - Scorch                Fire           76%        2d9       2%          2
c - Flame Wave            Conj/Fire      37%        2d10      13%         4

Your spell library contained the following spells:

 Spells                   Type           Power      Damage    Failure   Level
 Conjure Flame            Conj/Fire      37%        6-21      4%          3
 Inner Flame              Hex/Fire       22%        N/A       13%         3


Dungeon Overview and Level Annotations

Branches:
Dungeon (6/15) Zot: 2714   Temple (1/1) D:5 Zot: 472

Altars:
Ru
Vehumet
Xom
Yredelemnul


Innate Abilities, Weirdness & Mutations

You passively map a small area around you.
You are easily found by Zot.
You glow in the dark.
You regain HP and MP as you explore.
You have a pair of small antennae on your head.
Your body sometimes deteriorates upon taking damage.
Your spells are a little harder to cast, but a little more powerful.


Message History

Casting: Foxfire (safe; 1% risk of failure)
Confirm with . or Enter, or press ? or * to list all spells.
You conjure some foxfire!
The black bear barely misses you. The black bear claws you. x2
You barely miss the black bear.
The black bear is heavily wounded.
The foxfire hits the black bear!
The black bear is almost dead.
The foxfire hits the black bear.
You kill the black bear!
Vehumet accepts your kill.
You hit the gnoll but do no damage. The gnoll hits you with a +0 whip!
You hit the gnoll.
The gnoll is lightly wounded.
The gnoll hits you with a +0 whip.
You aren't carrying any potions.
The gnoll attacks as you move away! The gnoll hits you with a +0 whip.
* * * LOW HITPOINT WARNING * * *
The gnoll attacks as you move away! The gnoll barely misses you.
Casting: Foxfire (safe; 1% risk of failure)
Confirm with . or Enter, or press ? or * to list all spells.
You conjure some foxfire!
The gnoll hits you with a +0 whip!
* * * LOW HITPOINT WARNING * * *
The gnoll attacks as you move away! The gnoll hits you with a +0 whip.
* * * LOW HITPOINT WARNING * * *
The foxfire hits the gnoll.
The gnoll is moderately wounded.
The foxfire hits the gnoll.
The gnoll is moderately wounded.
Casting: Foxfire (safe; 1% risk of failure)
Confirm with . or Enter, or press ? or * to list all spells.
You conjure some foxfire!
The gnoll hits you with a +0 whip.
* * * LOW HITPOINT WARNING * * *
The foxfire hits the gnoll.
The gnoll is heavily wounded.
The foxfire hits the gnoll.
The gnoll is severely wounded.
The gnoll closely misses you. The gnoll attacks as you move away!
The gnoll hits you with a +0 whip.
You die...

, , * *
#.# , ,
#.# ,, #..
* * * ####
#.## * #..
,..., #.#
* #.# **,
#"#####ยง#
* *
##.##...@#
,
#......g.#
,
#..##.#..#
,
#........#
,,
#.[#..#)##
,
#..#.##>#
* *
#..#.##)#
#.... ..#*
*
####.,...
,* *


You could see a gnoll.

Vanquished Creatures
  An ice beast (D:5)
  A black bear (D:6)
  An ogre (D:4)
  A bullfrog (D:5)
  A necrophage (D:5)
  A scorpion (D:5)
  2 jellies
  2 gnoll boudas
  An orc priest (D:5)
  2 iguanas (D:4)
  10 gnolls
  3 adders
  An ufetubus (D:5)
  7 orcs
  3 goblins (D:4)
  3 hobgoblins
  2 ball pythons (D:4)
42 creatures vanquished.

Vanquished Creatures (others)
  130 foxfires
130 creatures vanquished.

Grand Total: 172 creatures vanquished

Notes
Turn   | Place    | Note
-------+----------+-------------------------------------------
     0 | D:1      | hawla the Meteoran Fire Elementalist began the quest for
                  | the Orb.
     0 | D:1      | Reached XP level 1. HP: 14/14 MP: 5/5
    74 | D:3      | Reached XP level 2. HP: 20/20 MP: 4/7
    77 | D:3      | Learned a level 2 spell: Scorch
   233 | D:4      | Reached XP level 3. HP: 5/26 MP: 3/8
   282 | D:4      | Reached skill level 5 in Fire Magic
   282 | D:4      | Reached XP level 4. HP: 24/33 MP: 6/10
   293 | D:4      | Learned a level 4 spell: Flame Wave
   350 | D:4      | Reached XP level 5. HP: 38/38 MP: 4/11
   491 | D:4      | Noticed an ogre
   495 | D:4      | Killed an ogre
   496 | D:4      | Reached XP level 6. HP: 45/45 MP: 7/12
   513 | D:5      | Entered Level 5 of the Dungeon
   525 | D:5      | Reached skill level 5 in Conjurations
   604 | D:5      | Reached XP level 7. HP: 45/50 MP: 4/14
   705 | D:5      | Reached skill level 5 in Spellcasting
   707 | D:5      | Gained mutation: You have a pair of small antennae on your
                  | head. [potion of mutation]
   707 | D:5      | Gained mutation: Your body sometimes deteriorates upon
                  | taking damage. [potion of mutation]
   707 | D:5      | Gained mutation: Your spells are a little harder to cast,
                  | but a little more powerful. [potion of mutation]
   711 | D:5      | Reached XP level 8. HP: 32/58 MP: 1/16
   756 | D:5      | Found a staircase to the Ecumenical Temple.
   771 | Temple   | Entered the Ecumenical Temple
   849 | Temple   | Became a worshipper of Vehumet
   973 | D:5      | You fall into a shaft and drop 1 floor!
  1012 | D:6      | HP: 1/58 [gnoll/+0 whip[a gnoll bouda] (4)]
  1014 | D:6      | Slain by a gnoll

Illustrated notes

Levels and vault maps discovered:
D:1:      ebering_trefoil_3fold, layout_loops_ring, st_stairs_4, minmay_3d_cube
D:2:      layout_basic, serial_undead, serial_undead_a, serial_undead_f,
          serial_undead_c, serial_undead_a, basic_ecumenical_altar,
          minmay_diced_spiral
D:3:      layout_loops_corners, uniq_terence
D:4:      layout_basic, lightli_minifort, uniq_natasha
D:5:      layout_basic, minmay_temple_entry_proselytizer, serial_shops,
          nicolae_stop_n_shop_1, supply_closet_lemuel, uniq_ijyb
D:6:      cheibrodos_steamvent, layout_loops_cross, minmay_statues_item,
          grunt_decor_resistance, nicolae_shop_fire_sale
          [nicolae_sub_dead_trees], uniq_sigmund
Temple:   mainiacjoe_temple_cubbyholes

Skill      XL: |  1  2  3  4  5  6  7  8 |
---------------+-------------------------+-----
Spellcasting   | 3 4 5 |  5.8
Fire Magic     | 4 5 6 |  6.7
Conjurations   | 2 4 5 6 |  6.2
Dodging        | 3 |  3.1
Fighting       | |  0.7
Stealth        | |  1.4

Action                   |  1- 3 |  4- 6 |  7- 9 || total
-------------------------+-------+-------+-------++-------
Melee: Unarmed           |     4 |     6 |     5 ||    15
 Cast: Foxfire           |    11 |    37 |    23 ||    71
       Scorch            |     4 |     7 |     6 ||    17
       Flame Wave        |       |       |     2 ||     2
  Use: Potion            |     1 |       |     3 ||     4
Armor: Robe              |       |       |     3 ||     3
Dodge: Dodged            |     3 |     2 |    14 ||    19
